 Dungeon Crawl Stone Soup version 0.20-a0-1089-g3fde505 (webtiles) character file.

407 4thArraOfDagon the Insei (level 6, -1/76 HPs)
             Began as a Barachi Monk on May 2, 2017.
             Slain by a wolf (2 damage)
             ... led by Grum
             ... on level 10 of the Dungeon.
             The game lasted 00:08:03 (1870 turns).

4thArraOfDagon the Insei (Barachi Monk)             Turns: 1870, Time: 00:08:04

Health: -1/76      AC: 23    Str: 12    XL:     6   Next: 88%
Magic:  6/6        EV:  2    Int: 12    God:    Xom [*.....]
Gold:   85         SH:  0    Dex: 15    Spells: 1/5 levels left

rFire    . . .     SeeInvis .     - Unarmed
rCold    . . .     Gourm    .   (no shield)
rNeg     + + +     Faith    .   (armour currently unavailable)
rPois    +         Spirit   .   (helmet currently unavailable)
rElec    .         Reflect  .   (cloak currently unavailable)
rCorr    .         Harm     .   (gloves currently unavailable)
MR       .....     NoTele   +   (boots currently unavailable)
Stlth    ++........             (no amulet)
Regen    0.3/turn               (no ring)
MPRegen  0.1/turn               (no ring)

@: tree-form, very slightly contaminated, invisible
A: +LOS, swims
a: Renounce Religion


You were on level 10 of the Dungeon.
You worshipped Xom.
You were a special plaything of Xom.
You were not hungry.
You were a tree.
You visited 1 branch of the dungeon, and saw 10 of its levels.

You collected 143 gold pieces.
You spent 58 gold pieces at shops.

Inventory:

Armour
 a - a +1 robe (melded)
 d - a +0 shield
Magical Staves
 l - an uncursed staff of death {unknown}
Scrolls
 c - 2 scrolls of fear {unknown}
 e - a scroll of immolation {unknown}
 f - 4 scrolls of identify {unknown}
 i - a scroll of enchant weapon {unknown}
 n - a scroll of amnesia
Comestibles
 b - 5 bread rations
 j - a royal jelly
 m - 2 meat rations


   Skills:
 - Level 5.1 Fighting
 - Level 4.1 Dodging
 - Level 1.7 Stealth
 * Level 7.0 Unarmed Combat


You had one spell level left.
You knew the following spells:

 Your Spells              Type           Power        Failure   Level  Hunger
a - Regeneration          Chrm/Necr      #.........   69%         3    ####...
b - Animate Skeleton      Necr           N/A          32%         1    ##.....


Dungeon Overview and Level Annotations

Branches:
Dungeon (10/15)
 Temple: D:4-7         Lair: D:8-11         Orc: D:9-12

Altars:
Ashenzari
Hepliaklqana
Trog
Uskayaw
Xom
Zin

Shops:
D:5 *

Annotations:
D:3 4thArraOfDagon's ghost, amateur BaMo
D:7 4thArraOfDagon's ghost, novice BaMo


Innate Abilities, Weirdness & Mutations

Shadows flee at your approach. (+LOS)
You can swim through water.
((You cover ground slowly.))
((You can hop short distances.))


Message History

The wolf is moderately wounded.
The wolf bites you.
* * * LOW HITPOINT WARNING * * *
The wolf bites you but does no damage.
Unknown command.
You barely miss the wolf.
The wolf is moderately wounded.
The wolf bites you.
* * * LOW HITPOINT WARNING * * *
Unknown command.
You barely miss the wolf.
The wolf is moderately wounded.
The wolf bites you but does no damage. The wolf bites you.
* * * LOW HITPOINT WARNING * * *
Unknown command.
You closely miss the wolf.
The wolf is moderately wounded.
The wolf bites you.
You die...
Xom laughs nastily!

.#.........###
(............##
......b.......#
#............#
#....$.......#
#.....b<.....#
#.........####
#.)...h...#
##.....♣..#
##.....#.#
#######..# #.#
.# $. ... ..


You could see a wolf.

Vanquished Creatures
  An ogre (D:4)
  2 crimson imps
  A hound (D:5)
  An iguana (D:6)
  A hound skeleton (D:4)
  2 gnolls (D:6)
  2 adders
  An ooze (D:1)
  A leopard gecko (D:3)
  An orc (D:5)
  A giant cockroach (D:3)
  3 goblins
  4 hobgoblins
  3 kobolds
  3 ball pythons
  5 bats
  A frilled lizard (D:3)
  A quokka skeleton (D:4)
  A quokka zombie (D:9)
  A plant (D:3)
36 creatures vanquished.

Vanquished Creatures (collateral kills)
  A troll (D:10)
1 creature vanquished.

Grand Total: 37 creatures vanquished

Notes
Turn   | Place    | Note
-------+----------+-------------------------------------------
     0 | D:1      | 4thArraOfDagon the Barachi Monk began the quest for the Orb.
     0 | D:1      | Reached XP level 1. HP: 18/18 MP: 1/1
   106 | D:1      | Reached XP level 2. HP: 17/25 MP: 2/2
   159 | D:2      | Reached skill level 4 in Unarmed Combat
   304 | D:2      | Reached XP level 3. HP: 30/30 MP: 3/3
   333 | D:3      | Found a glowing silver altar of Zin.
   333 | D:3      | Noticed an angel
   334 | D:3      | Found a shimmering altar of Xom.
   336 | D:3      | Noticed 4thArraOfDagon's ghost (amateur BaMo)
   644 | D:3      | Found a hazy altar of Hepliaklqana.
   644 | D:3      | Found a faded altar of an unknown god.
   650 | D:3      | Found a bloodstained altar of Trog.
   653 | D:3      | Found a shattered altar of Ashenzari.
   655 | D:3      | Found a hide-covered altar of Uskayaw.
   663 | D:3      | Became a worshipper of Xom of Chaos
   708 | D:4      | Noticed an ogre
   760 | D:4      | XOM: potion effect (agility)
   763 | D:4      | XOM: potion effect (curing)
   772 | D:4      | Reached XP level 4. HP: 22/37 MP: 4/4
   784 | D:4      | Killed an ogre
   784 | D:4      | Reached skill level 5 in Unarmed Combat
   784 | D:4      | Reached XP level 5. HP: 9/43 MP: 5/5
   834 | D:4      | Noticed an ogre
   841 | D:5      | Entered Level 5 of the Dungeon
   854 | D:5      | Noticed an ice beast
   940 | D:5      | Noticed an ice beast
  1005 | D:5      | Noticed a centaur
  1010 | D:5      | Found Ipseum's Assorted Antiques.
  1011 | D:5      | Noticed an ice beast
  1016 | D:5      | Bought a scroll labeled WEN RATHRYRGHE for 20 gold pieces
  1016 | D:5      | Bought a scroll labeled AHORRO VAUDWANU for 20 gold pieces
  1016 | D:5      | Bought an orange potion for 18 gold pieces
  1058 | D:5      | XOM: severe Hex miscast
  1143 | D:6      | Reached skill level 5 in Fighting
  1176 | D:6      | XOM: mild Erth miscast
  1228 | D:6      | XOM is BORED!
  1228 | D:6      | XOM: mild Tloc miscast
  1515 | D:7      | Noticed a phantom
  1540 | D:7      | Noticed 4thArraOfDagon's ghost (novice BaMo)
  1580 | D:8      | Reached XP level 6. HP: 31/51 MP: 6/6
  1651 | D:9      | Learned a level 3 spell: Regeneration
  1667 | D:9      | Learned a level 1 spell: Animate Skeleton
  1759 | D:9      | Reached skill level 6 in Unarmed Combat
  1831 | D:10     | Entered Level 10 of the Dungeon
  1854 | D:10     | Noticed a troll
  1859 | D:10     | XOM: butterfly on damage
  1861 | D:10     | Killed a troll
  1861 | D:10     | Reached skill level 7 in Unarmed Combat
  1869 | D:10     | HP: 1/76 [wolf[Grum] (6)]
  1870 | D:10     | Slain by a wolf

Vault maps used:
D:1:      dpeg_arrival_rooms_with_view, hex_tiny
D:2:      moated_statue, st_stairs_8, fedhas_altar_4
D:3:      grunt_temple_overflow_order_and_chaos_1,
          chequers_temple_overflow_minitemple, first_bread, serial_bayou_pond_c
D:4:      minmay_temple_entry_oklob, corner_web_ring, trog_three_pillars_becter
D:5:      serial_shops, shop
D:6:      minmay_misc_feat_five
D:7:      grunt_ogre_cave
D:8:      gammafunk_temple_overflow_wave, lair_entry_dummy, uniq_gastronok
D:9:      serial_shops, kennysheep_little_box
D:10:     serial_bayou_lake_a, uniq_nergalle, uniq_grum

Skill      XL: |  1  2  3  4  5  6 |
---------------+-------------------+-----
Unarmed Combat | 4 5 7 |  7.0
Fighting       | 4 5 |  5.1
Dodging        | 4 |  4.1
Stealth        | |  1.7

Action                   |  1- 3 |  4- 6 || total
-------------------------+-------+-------++-------
Melee: Unarmed           |   161 |    83 ||   244
       Punch             |     3 |     1 ||     4
Throw: Throwing net      |       |     1 ||     1
Evoke: Phantom mirror    |       |     1 ||     1
  Use: Potion            |     1 |     5 ||     6
       Scroll            |       |     4 ||     4
 Stab: Sleeping          |     2 |       ||     2
       Distracted        |       |     1 ||     1
  Eat: Chunk             |       |     3 ||     3
       Fruit             |       |     3 ||     3
Armor: Robe              |    23 |     7 ||    30
       Skin              |       |     5 ||     5
Dodge: Dodged            |   113 |    46 ||   159
